 Dungeon Crawl Stone Soup version 0.28.0-53-g5a82cb258f (webtiles) character file.

Game seed: 15519263226074510549

129 Peloso the Skirmisher (level 5, -4/43 HPs)
             Began as a Barachi Fighter on June 5, 2022.
             Killed by nerve-wracking pain
             ... invoked by an orc priest
              (13 damage)
             ... on level 3 of the Dungeon.
             The game lasted 00:04:37 (3537 turns).

Peloso the Skirmisher (Barachi Fighter)             Turns: 3537, Time: 00:04:37

Health: -4/43      AC:  7    Str: 19    XL:     5   Next: 12%
Magic:  5/5        EV:  9    Int:  8    God:
Gold:   93         SH:  5    Dex: 12    Spells: 4/4 levels left

rFire   . . .      SeeInvis .   a - +0 long sword
rCold   . . .      Faith    .   c - +0 buckler
rNeg    . . .      Spirit   .   b - +0 scale mail
rPois   .          Reflect  .   (no helmet)
rElec   .          Harm     .   (no cloak)
rCorr   .          Rampage  .   (no gloves)
Will    .....                   (no boots)
Stlth   ..........              (no amulet)
HPRegen 0.14/turn               (no ring)
MPRegen 0.09/turn               (no ring)

@: slow
A: amphibious, slowness 1, strong legs 1, +LOS
a: Hop


You were on level 3 of the Dungeon.
You visited 1 branch of the dungeon, and saw 3 of its levels.

You collected 93 gold pieces.

Inventory:

Hand Weapons
 a - a +0 long sword (weapon)
Armour
 b - a +0 scale mail (worn)
 c - a +0 buckler (worn)
Scrolls
 f - a scroll of magic mapping {unknown}
 h - a scroll of teleportation {unknown}
 i - a scroll of identify {unknown}
 j - a scroll of noise {unknown}
 l - a scroll of amnesia {unknown}
Potions
 d - 2 potions of might
 e - a potion of attraction {unknown}
 g - a potion of berserk rage {unknown}
 k - a potion of curing {unknown}
 m - a potion of flight {unknown}


   Skills:
 + Level 4.6 Fighting
 + Level 3.8 Long Blades
 + Level 4.4 Armour
 + Level 1.3 Dodging
 + Level 0.1 Stealth
 + Level 3.9 Shields


You had 4 spell levels left.
You didn't know any spells.
Your spell library contained the following spells:

 Spells                   Type           Power      Damage    Failure   Level
 Beastly Appendage        Tmut           0%         N/A       86%         1
 Wereblood                Tmut           0%         N/A       94%         2
 Spider Form              Tmut/Pois      0%         N/A       99%         3


Dungeon Overview and Level Annotations

Branches:
Dungeon (3/15)

Altars:
Kikubaaqudgha
Sif Muna


Innate Abilities, Weirdness & Mutations

You are amphibious.
You cover ground slowly.
You can hop short distances.
You have an extended range of vision and can be seen from far away.


Message History

Items here: )) [[.
The orc priest invokes the aid of Beogh against you.
Beogh smites you!
The orc hits you from afar with a +0 trident.
You hear an angry hiss.
You hit the orc priest but do no damage.
The orc priest mumbles some strange prayers to Beogh against you.
You barely resist.
The orc hits you from afar with a +0 trident.
You hit the orc priest.
The orc priest is moderately wounded.
The orc priest barely misses you. You block the orc's attack.
The orc priest hits you but does no damage.
You block the orc's attack.
You hit the orc priest but do no damage.
The orc priest is lightly wounded.
You block the orc priest's attack. The orc misses you.
You hit the orc priest.
The orc priest is heavily wounded.
The orc priest invokes the aid of Beogh against you.
Beogh smites you!
The orc hits you from afar with a +0 trident.
A ball python comes into view.
The ball python hisses angrily.
You hit the orc priest but do no damage.
The orc priest is heavily wounded.
The orc priest closely misses you. The orc completely misses you.
Unknown command.
You barely miss the orc priest.
The orc priest is heavily wounded.
The orc priest hits you with a +0 trident of protection.
You block the orc's attack.
The orc priest hits you with a +0 trident of protection.
* * * LOW HITPOINT WARNING * * *
You block the orc's attack.
You hit the orc priest.
The orc priest is severely wounded.
The orc priest mumbles some strange prayers to Beogh against you.
Pain shoots through your body!
You die...

#...........#.# ... #.#..
#############.#############.###
..........................
......................)...
############.##.##..##.....
..........S......>.....####
#####.#.#o#.##.#..#...# .
#.#o#.##.#......# ##
#o#@#.##.#......#
#.#[#.##.#......#
#o#<#.##.#....#.##
#.#.###.##)##.#.#..### .. #.#
#.....#.#.....#....... ... #.#
###.#.#.##.######<..## .... #.#
...#o#[#...#.......## .... #.#
#####.#.#.#.#.#####..#
....##.## #o#.#.#.#.# #..#


You could see an orc priest, an orc and a ball python.

Vanquished Creatures
  5 adders
  4 gnolls
  2 worms
  A dart slug (D:2)
  3 orcs
  7 endoplasms
  2 hobgoblins
  3 quokkas
  A ball python (D:2)
  4 bats
  A frilled lizard (D:1)
  3 goblins
  2 kobolds
  3 rats
41 creatures vanquished.

Notes
Turn   | Place    | Note
-------+----------+-------------------------------------------
     0 | D:1      | Peloso the Barachi Fighter began the quest for the Orb.
     0 | D:1      | Reached XP level 1. HP: 18/18 MP: 1/1
   250 | D:1      | Reached XP level 2. HP: 19/25 MP: 2/2
   399 | D:1      | You fall into a shaft and drop 1 floor!
   649 | D:2      | Found a faded altar of an unknown god.
   716 | D:2      | Reached XP level 3. HP: 30/30 MP: 3/3
  1336 | D:2      | Reached skill level 1 in Dodging
  1684 | D:1      | Reached XP level 4. HP: 32/37 MP: 4/4
  2759 | D:3      | Reached XP level 5. HP: 43/43 MP: 5/5
  2928 | D:3      | Found an ancient bone altar of Kikubaaqudgha.
  2941 | D:3      | Found a shimmering blue altar of Sif Muna.
  2943 | D:3      | Identified the +3 leather armour of Tyorih {rN+}
  3537 | D:3      | Killed from afar by an orc priest

Illustrated notes

Levels and vault maps discovered:
D:1:      eino_arrival_cavern_c, layout_basic
D:2:      layout_loops_ring, chequers_ecumenical_altar_simple, grunt_decor_cap
D:3:      layout_basic, mainiacjoe_overflow_catch_the_wave,
          gammafunk_temple_overflow_elements, chequers_arboretum,
          roderic_lattice_a, uniq_grinder

Skill      XL: |  1  2  3 |
---------------+----------+-----
Fighting       | 4 |  4.6
Long Blades    | 3 |  3.8
Armour         | 4 |  4.4
Dodging        | 1 |  1.3
Stealth        | |  0.1
Shields        | |  3.9

Action                   |  1- 3 |  4- 6 || total
-------------------------+-------+-------++-------
Melee: Long sword        |   102 |    66 ||   168
 Abil: Hop               |       |     1 ||     1
Armor: Scale mail        |    58 |    13 ||    71
Dodge: Dodged            |    54 |    42 ||    96
Block: Buckler           |    19 |    16 ||    35
